 Dungeon Crawl Stone Soup version 0.31.0-32-g396128a36d (webtiles) character file.

Game seed: 4751876324272580392

643 Peloso the Covered (level 7, 0/61 HPs)
             Began as a Minotaur Fighter on Mar 30, 2024.
             Slain by a scorpion (3 damage)
             ... in an ossuary.
             The game lasted 00:05:10 (3060 turns).

Peloso the Covered (Minotaur Fighter)               Turns: 3060, Time: 00:05:11

Health: 0/61       AC:  7    Str: 20    XL:     7   Next: 26%
Magic:  6/6        EV: 10    Int:  5    God:
Gold:   147        SH:  5    Dex: 12    Spells: 6/6 levels left

rFire   . . .        a - +1 long sword
rCold   . . .        c - +0 buckler
rNeg    . . .        b - +0 scale mail
rPois   .            (helmet restricted)
rElec   .            (no cloak)
rCorr   .            (no gloves)
SInv    .            (no boots)
Will    .....        (no amulet) Stlth
                     (no ring)
HPRegen 0.30/turn    (no ring)
MPRegen 0.10/turn

%: no passive effects
@: mighty, brilliant, lethally poisoned (0 -> -3)
A: horns 2, retaliatory headbutt
a: no special abilities


You were in an ossuary.
You visited 1 branch of the dungeon, and saw 5 of its levels.
You also visited: Ossuary.

You collected 147 gold pieces.

Inventory:

Hand Weapons
 a - a +1 long sword (weapon)
Armour
 b - a +0 scale mail (worn)
 c - a +0 buckler (worn)
Scrolls
 f - a scroll of identify
 h - a scroll of enchant weapon
Potions
 d - 3 potions of might


   Skills:
 + Level 5.3 Fighting
 + Level 6.1 Long Blades
 + Level 6.3 Armour
 + Level 2.2 Dodging
 + Level 0.1 Stealth
 + Level 4.6 Shields


You had 6 spell levels left.
You didn't know any spells.
Your spell library contained the following spells:

 Spells                   Type           Power      Damage    Failure   Level
 Apportation              Tloc           0%         N/A       86%         1
 Jinxbite                 Hex            0%         N/A       95%         2
 Olgreb's Toxic Radiance  Alch           0%         N/A       100%        4
 Alistair's Intoxication  Alch           0%         N/A       100%        5
 Ozocubu's Refrigeration  Ice            0%         4d7       100%        7
 Discord                  Hex            0%         N/A       100%        8


Dungeon Overview and Level Annotations

Branches:
Dungeon (5/15)            Ossuary (1/1)
 Temple: D:4-7

Altars:
Cheibriados
Elyvilon
Fedhas
Kikubaaqudgha
Qazlal

Annotations:
D:4 Sigmund


Innate Abilities, Weirdness & Mutations

You have a pair of horns on your head.
You reflexively headbutt those who attack you in melee.


Message History

* * * LOW HITPOINT WARNING * * *
The scorpion attacks as it pursues you! The scorpion stings you.
* * * LOW HITPOINT WARNING * * *
You are poisoned.
The scorpion poisons you!
You feel sick. The scorpion attacks as it pursues you! The scorpion stings you.
* * * LOW HITPOINT WARNING * * *
The scorpion stings you but does no damage.
You feel better. The scorpion barely misses you.
The scorpion closely misses you. You furiously retaliate!
You headbutt the scorpion.
Okay, then.
There is an open door here.
Unknown command.
Okay, then.
You feel very mighty all of a sudden.
The scorpion stings you but does no damage.
The scorpion closely misses you. You block the scorpion zombie's attack.
You closely miss the scorpion.
The scorpion is lightly wounded.
The scorpion stings you but does no damage.
The scorpion stings you.
The scorpion zombie hits you but does no damage.
The scorpion stings you but does no damage.
The scorpion stings you.
* * * LOW HITPOINT WARNING * * *
You are poisoned.
The scorpion poisons you!
You feel sick. The mummy hits you.
* * * LOW HITPOINT WARNING * * *
Unknown command.
It was a potion of brilliance.
You feel clever all of a sudden.
You feel sick.
You slash the mummy!
The mummy is heavily damaged.
You feel sick. The scorpion stings you.
* * * LOW HITPOINT WARNING * * *
The mummy hits you but does no damage. The scorpion stings you.
You die...

################# #
#...#...#.......#...#
'...8..MsZ......'...#
#......@#s......#...#
##+###8...8###########+##
#...#.......#...#...#?.?#
#?..#...8...#...8...#?.!#
#!!M#...#...#.......#M?.#
##########'###8...8######
#...#...#...#.......#...#
#...'...'...#...8...'...#
#...#...#...#...#...#...#


You could see a mummy, a scorpion and a scorpion zombie.

Vanquished Creatures
  A sky beast (D:3)
  4 scorpions
  A howler monkey (D:4)
  2 human zombies (D:5)
  A bombardier beetle (D:3)
  An iguana (D:4)
  A mummy (Ossuary)
  Robin (D:3)
  5 adders
  3 adder zombies (Ossuary)
  2 dart slugs
  A ribbon worm (D:4)
  3 orcs (D:3)
  2 bats (D:1)
  6 endoplasms
  A giant cockroach (D:3)
  4 gnoll zombies
  14 goblins
  6 hobgoblins
  2 quokkas
  7 ball pythons
  2 ball python zombies (Ossuary)
  3 frilled lizards
  3 jackal zombies (Ossuary)
  6 kobolds
  A kobold zombie (D:5)
  2 orc zombies (Ossuary)
  4 rats
  A rat zombie (D:5)
90 creatures vanquished.

Notes
Turn   | Place    | Note
-------+----------+-------------------------------------------
     0 | D:1      | Peloso the Minotaur Fighter began the quest for the Orb.
     0 | D:1      | Reached XP level 1. HP: 19/19 MP: 0/0
   124 | D:1      | Reached XP level 2. HP: 27/27 MP: 1/1
  1048 | D:2      | Reached XP level 3. HP: 30/33 MP: 2/2
  1073 | D:2      | Found a white marble altar of Elyvilon.
  1480 | D:3      | Found a faded altar of an unknown god.
  1654 | D:3      | Reached skill level 1 in Dodging
  1654 | D:3      | Reached XP level 4. HP: 36/41 MP: 3/3
  1721 | D:3      | Found an ancient bone altar of Kikubaaqudgha.
  1961 | D:3      | Found a blossoming altar of Fedhas.
  2029 | D:3      | Found a snail-covered altar of Cheibriados.
  2216 | D:3      | Found a white marble altar of Elyvilon.
  2239 | D:4      | Noticed a sky beast
  2239 | D:4      | Noticed Sigmund
  2239 | D:4      | Found the +7 lajatang of Order {silver, rMut}
  2239 | D:4      | Found a stormy altar of Qazlal.
  2251 | D:3      | Killed a sky beast
  2252 | D:3      | Reached skill level 5 in Armour
  2252 | D:3      | Reached XP level 5. HP: 21/47 MP: 4/4
  2612 | D:4      | Noticed Robin
  2615 | D:4      | Reached XP level 6. HP: 48/53 MP: 5/5
  2624 | D:3      | Killed Robin
  2755 | D:4      | You fall into a shaft and drop 1 floor!
  2755 | D:5      | Entered Level 5 of the Dungeon
  2762 | D:5      | Found a sand-covered staircase.
  2786 | D:5      | Reached skill level 5 in Long Blades
  2813 | D:5      | Reached skill level 5 in Fighting
  2823 | Ossuary  | Entered an ossuary
  2875 | Ossuary  | Reached XP level 7. HP: 54/61 MP: 6/6
  3060 | Ossuary  | HP: 3/61 [scorpion (4)]
  3060 | Ossuary  | Slain by a scorpion

Illustrated notes

Levels and vault maps discovered:
D:1:      dpeg_arrival_pits, layout_basic, dreamdust_wishing_well,
          chequers_big_river, kennysheep_minor_cross, palyth_stone_intersect,
          minmay_misc_feat_encased
D:2:      layout_loops_ring, basic_altar, minivault_14
D:3:      layout_basic, chei_slow_surprise, mainiacjoe_overflow_alcove_2,
          mainiacjoe_overflow_alcove_4, mainiacjoe_overflow_boulevard,
          hellmonk_ecumenical_altar_crossroads, chequers_decorated_corner,
          minmay_misc_feat_x, minmay_surrounded
D:4:      layout_cave_pools, nicolae_qazlal_beasts_of_the_sky, uniq_sigmund,
          uniq_robin
D:5:      layout_loops_ring, enter_ossuary_3
Ossuary:  ossuary_minmay_scorpions

Skill      XL: |  1  2  3  4  5  6  7 |
---------------+----------------------+-----
Armour         | 4 5 6 |  6.3
Fighting       | 4 5 |  5.3
Long Blades    | 3 4 5 6 |  6.1
Dodging        | 1 2 |  2.2
Shields        | 4 |  4.6
Stealth        | |  0.1

Action                     |  1- 3 |  4- 6 |  7- 9 || total
---------------------------+-------+-------+-------++-------
  Melee: Long sword        |    80 |   114 |    42 ||   236
         Headbutt          |    10 |    26 |     8 ||    44
    Use: Potion            |     3 |       |     4 ||     7
         Scroll            |     4 |     2 |       ||     6
 Armour: Scale mail        |    55 |    68 |    45 ||   168
  Dodge: Dodged            |    41 |    60 |    31 ||   132
  Block: Buckler           |    22 |    30 |    12 ||    64
